Map: [ESL] Post-Youth

Players

FoxeR

  • Race: Terran Terran
  • Spawn Location: 1:00

Epic - Winner!

  • Race: Terran Terran
  • Spawn Location: 7:00

Event: ESL SC2 Masters 2024 Spring (Regional)

VOD

Have the link to the VOD?

Description

Time

  • Played on: April 19, 2024, 4:01 p.m.
  • Length: 10:06

All games in this series

Show
View Real Time Build Order
Export as new Build Order

FoxeR Terran 

Build Orders: Cyclone Opening, Reaper Expand 

Get SALT Encoding   

  12  0:00  SCV  
  13  0:12  SCV  
  14  0:17  Supply Depot  
  14  0:24  SCV  
  15  0:39  SCV  
  15  0:40  Barracks  
  16  0:43  Refinery  
  16  0:51  SCV  
  17  1:03  SCV  
  18  1:15  SCV  
  19  1:27  Orbital Command, Reaper  
  20  1:44  Command Center  
  20  1:53  SCV  
  21  1:59  Marine  
  21  2:01  Supply Depot  
  22  2:05  SCV  
  23  2:15  Factory  
  23  2:19  Refinery  
  23  2:22  SCV, Marine  
  25  2:35  SCV  
  26  2:40  Marine  
  27  2:47  SCV  
  28  2:58  Orbital Command  
  28  2:59  Cyclone, Starport  
  28  3:03  Barracks Reactor  
  28  3:05  SCV  
  31  3:17  SCV  
  31  3:18  Refinery  
  32  3:23  SCV  
  33  3:29  SCV  
  33  3:32  Factory Tech Lab  
  33  3:35  SCV  
  33  3:40  Marine x2  
  36  3:41  SCV, Starport Tech Lab  
  36  3:47  SCV  
  38  3:51  Siege Tank  
  38  3:53  SCV  
  42  3:58  Marine  
  42  3:59  SCV  
  42  4:00  Raven  
  42  4:01  Interference Matrix  
  46  4:05  Supply Depot  
  46  4:06  SCV, Marine  
  48  4:12  SCV  
  48  4:15  Marine  
  50  4:18  SCV  
  50  4:23  Siege Tank  
  54  4:26  SCV, Marine  
  54  4:28  Supply Depot  
  54  4:30  SCV  
  57  4:33  Marine  
  57  4:35  Raven  
  54  4:39  SCV  
  54  4:42  SCV  
  54  4:44  Marine  
  56  4:51  SCV, Marine  
  58  4:54  SCV  
  58  4:58  Command Center  
  59  5:01  Siege Tank  
  59  5:02  Marine  
  59  5:03  SCV  
  59  5:06  Refinery  
  59  5:07  Supply Depot  
  64  5:09  Marine  
  64  5:13  SCV  
  66  5:15  SCV, Raven  
  66  5:20  Marine  
  70  5:25  Barracks x2  
  70  5:28  SCV, Marine  
  71  5:35  SCV  
  73  5:38  Siege Tank  
  73  5:41  Marine  
  75  5:43  SCV  
  75  5:47  SCV, Supply Depot  
  77  5:50  Engineering Bay  
  77  5:51  Engineering Bay  
  77  5:55  SCV  
  78  6:02  Supply Depot  
  78  6:04  Supply Depot  
  78  6:05  Starport Reactor  
  78  6:09  SCV x2  
  78  6:10  Siege Tank  
  83  6:14  Stimpack  
  83  6:16  Barracks Reactor  
  83  6:20  Terran Infantry Weapons Level 1  
  83  6:21  SCV x2  
  85  6:26  Terran Infantry Armor Level 1  
  85  6:30  Orbital Command  
  85  6:31  Marine  
  85  6:32  Marine  
  86  6:33  Marine  
  86  6:35  SCV  
  86  6:38  SCV  
  89  6:42  Supply Depot  
  89  6:45  Siege Tank  
  89  6:46  Medivac  
  94  6:48  Marine  
  94  6:50  Medivac, Marine x2  
  94  6:51  SCV  
  94  6:52  SCV  
  101  6:56  Refinery  
  101  6:58  Refinery  
  101  7:00  Marine x2  
  103  7:01  SCV  
  103  7:03  SCV  
  103  7:06  Marine  
  103  7:07  Barracks x2  
  106  7:10  SCV, Marine  
  106  7:13  SCV, Marine  
  111  7:15  SCV  
  111  7:18  Marine x2  
  111  7:20  Siege Tank  
  111  7:22  SCV  
  117  7:24  Supply Depot x2, Marine  
  117  7:25  SCV  
  117  7:27  Medivac  
  117  7:28  Marine  
  120  7:31  Marine  
  120  7:34  SCV  
  120  7:35  Armory  
  120  7:36  Marine x2  
  124  7:42  Sensor Tower, Marine  
  125  7:45  SCV x2  
  125  7:46  Marine  
  125  7:49  Marine  
  129  7:52  Medivac  
  129  7:53  Combat Shield  
  129  7:54  SCV, Marine x2  
  129  7:56  Supply Depot  
  129  7:57  Supply Depot  
  134  8:00  Marine  
  134  8:02  Barracks Reactor x2  
  134  8:03  Marine  
  136  8:07  Marine  
  136  8:11  Marine  
  133  8:15  Marine  
  133  8:17  Marine  
  131  8:21  Siege Tank, Marine  
  131  8:22  Medivac  
  131  8:23  SCV  
  131  8:24  SCV, Command Center  
  131  8:25  Marine  
  129  8:29  Marine  
  129  8:33  Marine  
  131  8:37  Factory  
  131  8:40  Marine  
  131  8:41  Marine x5  
  137  8:43  Marine  
  137  8:45  Sensor Tower  
  137  8:47  Marine  
  136  8:50  Marine  
  136  8:51  Supply Depot  
  136  8:52  Supply Depot  
  137  8:58  Marine  
  137  9:02  Marine  
  90  9:03  Marine x5  
  90  9:05  Marine  
  90  9:08  Marine  
  75  9:13  SCV  
  75  9:16  Marine  
  69  9:20  Marine  
  69  9:21  Marine  
  70  9:27  SCV  
  71  9:31  Barracks Reactor  
Show
View Real Time Build Order
Export as new Build Order

Epic Terran - Winner!

Build Orders:  

Get SALT Encoding   

  12  0:00  SCV  
  13  0:12  SCV  
  14  0:17  Supply Depot  
  14  0:24  SCV  
  15  0:38  SCV  
  15  0:40  Barracks  
  16  0:44  Refinery  
  16  0:50  SCV  
  16  0:54  Refinery  
  17  1:03  SCV  
  18  1:15  SCV  
  19  1:27  Orbital Command  
  19  1:28  Reaper  
  19  1:31  Supply Depot  
  20  1:46  Factory  
  20  1:53  SCV  
  21  2:00  Reaper  
  22  2:05  SCV  
  23  2:17  SCV  
  24  2:25  Command Center  
  24  2:31  Hellion  
  24  2:33  SCV  
  24  2:35  Barracks Reactor  
  27  2:45  Starport  
  27  2:47  SCV  
  28  2:52  Factory Tech Lab  
  28  2:57  Supply Depot  
  28  3:01  SCV  
  29  3:13  Marine  
  29  3:14  Marine  
  29  3:18  SCV, Siege Tank  
  35  3:25  Medivac  
  37  3:32  Marine x2  
  38  3:34  SCV  
  38  3:39  Orbital Command  
  39  3:46  SCV  
  39  3:48  Refinery  
  40  3:51  Siege Tank  
  40  3:55  Starport Tech Lab  
  43  3:57  Marine  
  43  3:58  Marine  
  43  4:00  SCV  
  46  4:04  SCV  
  47  4:12  SCV  
  47  4:16  SCV  
  49  4:19  Marine  
  49  4:20  Raven, Marine  
  53  4:24  Supply Depot  
  53  4:27  SCV  
  54  4:31  SCV  
  54  4:33  Siege Tank  
  53  4:42  Interference Matrix  
  53  4:43  SCV  
  54  4:45  SCV, Marine x2  
  54  4:49  Supply Depot  
  54  4:57  SCV, Raven  
  54  4:58  SCV  
  57  5:06  Marine x2  
  59  5:09  SCV  
  59  5:10  SCV, Command Center  
  59  5:13  Siege Tank  
  64  5:16  Supply Depot  
  64  5:21  SCV, Barracks  
  65  5:23  SCV  
  66  5:32  Barracks  
  66  5:33  Raven  
  66  5:34  Marine  
  66  5:35  Marine  
  70  5:45  SCV x2  
  70  5:48  Supply Depot  
  70  5:49  Refinery  
  72  5:50  Siege Tank  
  72  5:51  Engineering Bay  
  72  5:52  Engineering Bay  
  72  5:56  Marine x2  
  77  5:57  SCV  
  77  6:02  Supply Depot  
  78  6:09  SCV x2  
  80  6:15  Starport Reactor  
  80  6:16  Stimpack  
  80  6:19  Terran Infantry Weapons Level 1, Barracks  
  80  6:20  Barracks  
  79  6:26  Terran Infantry Armor Level 1  
  79  6:27  Orbital Command  
  79  6:28  SCV x2  
  79  6:31  Barracks Reactor, Marine  
  79  6:32  Marine  
  83  6:34  Marine  
  84  6:42  SCV x2, Siege Tank  
  84  6:45  Supply Depot  
  89  6:49  Marine x2  
  89  6:52  Medivac, Marine  
  89  6:53  SCV  
  95  6:54  SCV  
  95  6:55  SCV  
  96  7:01  Medivac, Supply Depot  
  96  7:06  SCV  
  96  7:07  SCV x2, Barracks Reactor  
  96  7:08  Marine x4  
  102  7:10  Barracks Reactor  
  104  7:16  Marine  
  104  7:20  SCV x3  
  108  7:25  Supply Depot x2  
  108  7:26  Siege Tank, Supply Depot, Marine x4  
  115  7:34  Medivac, Refinery, Marine  
  115  7:35  Refinery  
  118  7:40  Medivac  
  118  7:41  Supply Depot  
  120  7:45  Marine x5  
  120  7:46  Marine  
  120  7:49  Supply Depot  
  126  7:51  Marine  
  126  7:54  Armory  
  126  7:56  Combat Shield  
  127  8:01  Marine  
  127  8:02  Marine x2  
  127  8:03  Marine x2  
  127  8:04  Marine x3  
  134  8:08  Siege Tank  
  134  8:09  Marine  
  136  8:18  Medivac  
  136  8:19  Marine x2  
  139  8:20  Marine x2  
  139  8:21  Marine  
  139  8:24  Marine x2  
  139  8:25  Marine  
  145  8:27  Marine  
  145  8:28  Supply Depot  
  146  8:37  Medivac, Marine x2  
  146  8:38  Marine x3  
  153  8:42  Siege Tank, Marine  
  153  8:48  Medivac  
  140  9:04  Marine  
  140  9:05  Marine x7  
  140  9:09  Marine  
  142  9:17  Siege Tank  
  145  9:18  Command Center  
  145  9:21  Medivac x2  
  145  9:22  Marine x3  
  152  9:31  Factory  
  152  9:34  Marine x4  
  152  9:35  Marine x2  
  158  9:40  Marine  
  158  9:42  Sensor Tower x2  
  158  9:44  Missile Turret  
Tags
 
Add a new tag
Caveats
  • Supply blocks, unpowered buildings, or Contaminate may cause inaccurate times.
  • Supply counts are checked every 10 seconds.